[ AOE2 MATCH · #504976036 ]
UnrankedDravidians vs Berbers
Player's team · WIN
Rival team · LOSS
[ REPLAY ANALYSIS · EXTRACTED FROM THE RECORDED GAME ]
Feudal
8:50
Castle
24:29
Imperial
42:58
| APM avg | 82.9 |
| APM peak | 134 |
| eAPM avg | 54.4 |
| Villagers / military | 223 / 684 |
Focus
⚔️ 72.2% · 🌾 27.8%
Militia ×266 · Skirmisher ×263 · Spearman ×106 · Bombard Cannon ×28 · Monk ×15 · Trebuchet (Packed) ×3
Feudal
8:25
Castle
24:16
Imperial
42:37
| APM avg | 86.1 |
| APM peak | 133 |
| eAPM avg | 40.1 |
| Villagers / military | 258 / 526 |
Focus
⚔️ 52.0% · 🌾 48.0%
Scout Cavalry ×178 · Skirmisher ×154 · Knight ×89 · Hand Cannoneer ×83 · Monk ×7 · Bombard Cannon ×7
Match map
Initial resources + every placement click. Lines = walls · curves = elevation contours. ◆ gold · ⬟ stone · ● berries · ✦ relic · ◌ wall gap
Your base· ✓ Closed at 24:29 · 32t walls · 2 gate(s)
ThunderboltX's base· Open — 4t gap
Smoothed initial terrain · ◌ = detected wall gap · hover for details
Inputs per minute
— SalzZ_wide - - ThunderboltX
Build order — SalzZ_wide
First 150 of 956 actions detected
| 0:00 | Create | Villager (Male) |
| 0:00 | Create | Villager (Male) |
| 0:01 | Create | Villager (Male) |
| 0:01 | Create | Villager (Male) |
| 0:02 | Build | House |
| 0:05 | Build | House |
| 1:25 | Create | Villager (Male) |
| 1:49 | Create | Villager (Male) |
| 1:55 | Build | Lumber Camp |
| 2:22 | Create | Villager (Male) |
| 2:39 | Create | Villager (Male) |
| 3:00 | Create | Villager (Male) |
| 3:27 | Create | Villager (Male) |
| 3:50 | Build | House |
| 3:54 | Build | House |
| 3:55 | Build | House |
| 3:59 | Create | Villager (Male) |
| 4:01 | Build | House |
| 4:05 | Create | Villager (Male) |
| 4:42 | Create | Villager (Male) |
| 4:47 | Create | Villager (Male) |
| 5:29 | Build | Barracks |
| 5:41 | Create | Villager (Male) |
| 5:41 | Research | Loom |
| 6:40 | Research | Feudal Age |
| 6:47 | Create | Militia |
| 7:04 | Build | Mining Camp |
| 7:06 | Create | Militia |
| 7:41 | Create | Militia |
| 7:55 | Build | House |
| 8:34 | Create | Villager (Male) |
| 8:36 | Build | Mill |
| 8:50 | Age | Feudal Age |
| 8:52 | Research | Man-at-Arms (upgrade) |
| 8:55 | Create | Villager (Male) |
| 8:57 | Create | Spearman |
| 8:58 | Create | Villager (Male) |
| 9:30 | Research | Arson |
| 9:34 | Build | Archery Range |
| 9:34 | Create | Villager (Male) |
| 9:34 | Create | Villager (Male) |
| 9:43 | Build | Palisade Wall |
| 9:52 | Build | Lumber Camp |
| 9:54 | Build | Lumber Camp |
| 10:01 | Create | Spearman |
| 10:04 | Create | Villager (Male) |
| 10:11 | Build | Palisade Wall |
| 10:12 | Build | Palisade Wall |
| 10:24 | Create | Villager (Male) |
| 10:25 | Build | House |
| 10:41 | Create | Archer |
| 10:44 | Build | Palisade Gate |
| 10:45 | Build | Palisade Wall |
| 10:54 | Create | Villager (Male) |
| 11:07 | Create | Villager (Male) |
| 11:10 | Create | Archer |
| 11:12 | Create | Spearman |
| 11:20 | Create | Skirmisher |
| 11:21 | Create | Villager (Male) |
| 11:29 | Build | Palisade Wall |
| 11:32 | Create | Villager (Male) |
| 11:38 | Create | Villager (Male) |
| 11:50 | Build | House |
| 11:52 | Create | Villager (Male) |
| 11:55 | Build | Farm |
| 12:07 | Create | Villager (Male) |
| 12:08 | Build | Palisade Wall |
| 12:09 | Build | Palisade Wall |
| 12:14 | Build | Palisade Wall |
| 12:19 | Create | Skirmisher |
| 12:27 | Build | House |
| 12:27 | Build | House |
| 12:29 | Build | Farm |
| 12:36 | Create | Skirmisher |
| 12:40 | Create | Villager (Male) |
| 12:52 | Create | Skirmisher |
| 13:01 | Create | Villager (Male) |
| 13:02 | Build | Farm |
| 13:17 | Create | Skirmisher |
| 13:34 | Build | Farm |
| 13:36 | Build | Palisade Gate |
| 13:38 | Create | Skirmisher |
| 13:53 | Build | Farm |
| 13:53 | Create | Villager (Male) |
| 14:04 | Create | Skirmisher |
| 14:22 | Create | Skirmisher |
| 14:25 | Create | Skirmisher |
| 14:27 | Build | Palisade Wall |
| 14:28 | Build | Farm |
| 14:38 | Create | Militia |
| 14:47 | Create | Skirmisher |
| 14:52 | Create | Villager (Male) |
| 14:52 | Create | Villager (Male) |
| 14:54 | Build | Blacksmith |
| 14:56 | Build | Farm |
| 15:01 | Build | Farm |
| 15:02 | Create | Militia |
| 15:12 | Build | Farm |
| 15:13 | Create | Villager (Male) |
| 15:28 | Create | Skirmisher |
| 15:32 | Build | House |
| 15:33 | Build | House |
| 15:39 | Create | Skirmisher |
| 15:54 | Create | Villager (Male) |
| 16:08 | Build | Farm |
| 16:09 | Build | Farm |
| 16:09 | Research | Scale Mail Armor |
| 16:17 | Create | Skirmisher |
| 16:37 | Create | Skirmisher |
| 16:41 | Create | Villager (Male) |
| 16:47 | Create | Villager (Male) |
| 16:49 | Build | Farm |
| 16:49 | Create | Villager (Male) |
| 16:50 | Build | Farm |
| 16:51 | Build | Farm |
| 17:04 | Research | Horse Collar |
| 17:08 | Create | Skirmisher |
| 17:16 | Create | Skirmisher |
| 17:26 | Create | Villager (Male) |
| 17:29 | Build | Farm |
| 17:40 | Create | Skirmisher |
| 17:45 | Research | Fletching |
| 17:47 | Create | Skirmisher |
| 17:51 | Create | Skirmisher |
| 17:59 | Create | Villager (Male) |
| 18:02 | Build | Farm |
| 18:02 | Create | Villager (Male) |
| 18:04 | Build | Farm |
| 18:13 | Create | Skirmisher |
| 18:22 | Create | Skirmisher |
| 18:39 | Create | Skirmisher |
| 18:43 | Create | Villager (Male) |
| 18:46 | Research | Wheelbarrow |
| 18:50 | Build | Farm |
| 18:54 | Create | Skirmisher |
| 18:57 | Create | Skirmisher |
| 19:06 | Create | Skirmisher |
| 19:09 | Create | Villager (Male) |
| 19:11 | Build | House |
| 19:12 | Build | House |
| 19:25 | Create | Skirmisher |
| 19:46 | Build | House |
| 19:47 | Build | House |
| 19:49 | Build | House |
| 19:53 | Create | Skirmisher |
| 20:05 | Create | Skirmisher |
| 20:07 | Create | Skirmisher |
| 20:14 | Create | Villager (Male) |
| 20:33 | Create | Skirmisher |
| 20:41 | Research | Double-Bit Axe |
Build order — ThunderboltX
First 150 of 1125 actions detected
| 0:00 | Create | Villager (Male) |
| 0:01 | Build | House |
| 0:02 | Build | House |
| 0:15 | Create | Villager (Male) |
| 0:15 | Create | Villager (Male) |
| 0:16 | Create | Villager (Male) |
| 1:27 | Create | Villager (Male) |
| 1:48 | Build | Lumber Camp |
| 1:54 | Create | Villager (Male) |
| 2:18 | Create | Villager (Male) |
| 2:28 | Create | Villager (Male) |
| 2:48 | Create | Villager (Male) |
| 3:05 | Create | Villager (Male) |
| 3:21 | Create | Villager (Male) |
| 3:23 | Build | House |
| 4:00 | Create | Villager (Male) |
| 4:23 | Create | Villager (Male) |
| 4:27 | Build | Mill |
| 4:54 | Create | Villager (Male) |
| 5:16 | Research | Loom |
| 6:12 | Research | Feudal Age |
| 6:57 | Create | Villager (Male) |
| 7:19 | Build | Barracks |
| 7:37 | Build | House |
| 8:25 | Age | Feudal Age |
| 8:26 | Build | Stable |
| 8:39 | Research | Double-Bit Axe |
| 8:40 | Create | Villager (Male) |
| 8:52 | Build | Palisade Wall |
| 8:53 | Build | Palisade Wall |
| 8:59 | Create | Villager (Male) |
| 9:00 | Build | House |
| 9:03 | Build | House |
| 9:12 | Build | Palisade Wall |
| 9:20 | Create | Villager (Male) |
| 9:21 | Create | Scout Cavalry |
| 9:21 | Create | Scout Cavalry |
| 9:51 | Create | Villager (Male) |
| 9:53 | Create | Spearman |
| 10:09 | Create | Villager (Male) |
| 10:18 | Build | Palisade Wall |
| 10:19 | Build | Palisade Wall |
| 10:24 | Create | Villager (Male) |
| 10:32 | Create | Scout Cavalry |
| 10:32 | Create | Villager (Male) |
| 10:38 | Build | Archery Range |
| 10:46 | Build | House |
| 11:08 | Create | Villager (Male) |
| 11:10 | Create | Villager (Male) |
| 11:23 | Build | House |
| 11:31 | Create | Skirmisher |
| 11:31 | Create | Skirmisher |
| 11:31 | Create | Skirmisher |
| 11:47 | Build | Farm |
| 11:49 | Build | Farm |
| 12:01 | Create | Villager (Male) |
| 12:06 | Create | Skirmisher |
| 12:06 | Create | Skirmisher |
| 12:07 | Create | Skirmisher |
| 12:18 | Create | Villager (Male) |
| 12:20 | Build | House |
| 12:47 | Create | Villager (Male) |
| 12:54 | Build | Farm |
| 12:55 | Build | Blacksmith |
| 12:58 | Create | Skirmisher |
| 13:03 | Create | Villager (Male) |
| 13:22 | Build | Farm |
| 13:30 | Create | Skirmisher |
| 13:32 | Create | Villager (Male) |
| 13:33 | Build | Farm |
| 13:47 | Build | House |
| 13:48 | Build | Palisade Wall |
| 13:53 | Create | Skirmisher |
| 14:00 | Create | Villager (Male) |
| 14:22 | Build | Farm |
| 14:24 | Create | Skirmisher |
| 14:41 | Create | Villager (Male) |
| 14:43 | Research | Fletching |
| 14:47 | Build | Farm |
| 14:48 | Build | Farm |
| 14:49 | Build | Farm |
| 14:51 | Build | Farm |
| 14:51 | Build | Farm |
| 14:51 | Build | Farm |
| 15:05 | Create | Villager (Male) |
| 15:08 | Build | Farm |
| 15:19 | Create | Villager (Male) |
| 15:38 | Build | Lumber Camp |
| 15:41 | Build | Palisade Wall |
| 15:41 | Build | Palisade Wall |
| 15:47 | Create | Skirmisher |
| 15:56 | Create | Villager (Male) |
| 15:58 | Build | Farm |
| 16:00 | Build | Farm |
| 16:06 | Create | Villager (Male) |
| 16:07 | Create | Skirmisher |
| 16:46 | Create | Villager (Male) |
| 16:50 | Build | Archery Range |
| 16:54 | Build | Palisade Wall |
| 17:04 | Create | Skirmisher |
| 17:05 | Create | Villager (Male) |
| 17:07 | Build | Palisade Wall |
| 17:19 | Create | Skirmisher |
| 17:23 | Build | Palisade Wall |
| 17:33 | Create | Skirmisher |
| 17:34 | Create | Villager (Male) |
| 17:36 | Build | Mining Camp |
| 17:44 | Create | Skirmisher |
| 17:44 | Create | Skirmisher |
| 17:54 | Build | Palisade Wall |
| 18:00 | Build | House |
| 18:04 | Create | Villager (Male) |
| 18:04 | Create | Villager (Male) |
| 18:05 | Create | Skirmisher |
| 18:05 | Create | Skirmisher |
| 18:05 | Create | Skirmisher |
| 18:17 | Build | Palisade Wall |
| 18:37 | Build | Farm |
| 18:51 | Create | Villager (Male) |
| 18:59 | Create | Skirmisher |
| 18:59 | Create | Skirmisher |
| 18:59 | Create | Villager (Male) |
| 19:02 | Build | House |
| 19:03 | Build | House |
| 19:05 | Research | Wheelbarrow |
| 19:11 | Build | House |
| 19:12 | Build | House |
| 19:12 | Build | House |
| 19:41 | Build | Archery Range |
| 19:43 | Create | Skirmisher |
| 20:00 | Build | Farm |
| 20:02 | Build | Farm |
| 20:09 | Create | Skirmisher |
| 20:09 | Create | Villager (Male) |
| 20:15 | Create | Skirmisher |
| 20:15 | Create | Villager (Male) |
| 20:28 | Create | Skirmisher |
| 20:36 | Create | Skirmisher |
| 20:37 | Create | Skirmisher |
| 20:41 | Create | Skirmisher |
| 20:41 | Create | Skirmisher |
| 20:42 | Create | Villager (Male) |
| 20:49 | Build | Market |
| 21:00 | Create | Skirmisher |
| 21:25 | Create | Skirmisher |
| 21:26 | Create | Villager (Male) |
| 21:35 | Research | Castle Age |
| 21:39 | Create | Skirmisher |
| 21:54 | Research | Horse Collar |
| 22:02 | Build | Farm |
Match timeline
| 5:29 | SalzZ_wide · first_building Barracks |
| 7:19 | ThunderboltX · first_building Barracks |
| 8:25 | ThunderboltX · age_up feudal |
| 8:26 | ThunderboltX · first_building Stable |
| 8:50 | SalzZ_wide · age_up feudal |
| 8:52 | ThunderboltX · wall_segment Palisade Wall x1 |
| 8:53 | ThunderboltX · wall_segment Palisade Wall x1 |
| 9:12 | ThunderboltX · wall_segment Palisade Wall x7 |
| 9:34 | SalzZ_wide · first_building Archery Range |
| 9:43 | SalzZ_wide · wall_segment Palisade Wall x4 |
| 10:11 | SalzZ_wide · wall_segment Palisade Wall x5 |
| 10:12 | SalzZ_wide · wall_segment Palisade Wall x5 |
| 10:18 | ThunderboltX · wall_segment Palisade Wall x1 |
| 10:19 | ThunderboltX · wall_segment Palisade Wall x1 |
| 10:38 | ThunderboltX · first_building Archery Range |
| 10:45 | SalzZ_wide · wall_segment Palisade Wall x4 |
| 11:29 | SalzZ_wide · wall_segment Palisade Wall x4 |
| 12:08 | SalzZ_wide · wall_segment Palisade Wall x1 |
| 12:09 | SalzZ_wide · wall_segment Palisade Wall x1 |
| 12:14 | SalzZ_wide · wall_segment Palisade Wall x5 |
| 13:48 | ThunderboltX · wall_segment Palisade Wall x11 |
| 14:27 | SalzZ_wide · wall_segment Palisade Wall x6 |
| 15:41 | ThunderboltX · wall_segment Palisade Wall x2 |
| 15:41 | ThunderboltX · wall_segment Palisade Wall x1 |
| 16:54 | ThunderboltX · wall_segment Palisade Wall x1 |
| 17:07 | ThunderboltX · wall_segment Palisade Wall x6 |
| 17:23 | ThunderboltX · wall_segment Palisade Wall x5 |
| 17:54 | ThunderboltX · wall_segment Palisade Wall x4 |
| 18:17 | ThunderboltX · wall_segment Palisade Wall x4 |
| 21:29 | ThunderboltX · first_market_buy 100 food |
| 21:32 | ThunderboltX · first_market_sell 100 wood |
| 24:16 | ThunderboltX · age_up castle |
| 24:29 | SalzZ_wide · age_up castle |
| 26:15 | ThunderboltX · first_building Monastery |
| 29:41 | SalzZ_wide · first_building Monastery |
| 32:27 | SalzZ_wide · first_building Castle |
| 32:54 | SalzZ_wide · first_market_buy 100 wood |
| 33:25 | SalzZ_wide · wall_segment Palisade Wall x2 |
| 38:55 | SalzZ_wide · first_building Siege Workshop |
| 39:00 | SalzZ_wide · first_market_sell 500 wood |
| 39:55 | ThunderboltX · wall_segment Palisade Wall x1 |
| 39:56 | ThunderboltX · wall_segment Palisade Wall x1 |
| 39:57 | ThunderboltX · wall_segment Palisade Wall x1 |
| 42:37 | ThunderboltX · age_up imperial |
| 42:58 | SalzZ_wide · age_up imperial |
| 43:07 | ThunderboltX · first_building Castle |
| 43:10 | ThunderboltX · first_building Siege Workshop |
| 52:50 | SalzZ_wide · wall_segment Stone Wall x1 |
| 52:51 | SalzZ_wide · wall_segment Stone Wall x1 |
| 52:55 | SalzZ_wide · wall_segment Stone Wall x1 |
| 52:57 | SalzZ_wide · wall_segment Stone Wall x1 |
| 58:19 | ThunderboltX · wall_segment Stone Wall x13 |
| 58:22 | ThunderboltX · wall_segment Stone Wall x6 |
| 58:55 | ThunderboltX · wall_segment Stone Wall x1 |
| 58:59 | ThunderboltX · wall_segment Stone Wall x5 |
| 74:13 | ThunderboltX · resign |
[ AI ANALYSIS · 1 CREDIT ]
What really happened in this match?
Wolo.gg analyzes every decision: build order, eco, micro, common mistakes by bracket. Personalized analysis on WhatsApp or Discord in 30 seconds.
Civ guide
Dravidians
Perfil
Jugador #3747802